 Dungeon Crawl Stone Soup version 0.29-a0-307-gecccbbdb84 (webtiles) character file.

Game seed: 10882286251535096970

4070 TOYA the Blocker (level 10, -15/91 HPs)
             Began as a Minotaur Fighter on Mar 26, 2022.
             Was an Elder of Vehumet.
             Killed by an exploding kobold (27 damage)
             ... ignited by their inner flame
             ... on level 7 of the Dungeon on Mar 27, 2022.
             The game lasted 01:21:33 (6915 turns).

TOYA the Blocker (Minotaur Fighter)                 Turns: 6915, Time: 01:21:43

Health: -15/91     AC: 22    Str: 25    XL:     10   Next: 5%
Magic:  9/9        EV:  7    Int:  5    God:    Vehumet [****..]
Gold:   437        SH:  0    Dex: 12    Spells: 9/9 levels left

rFire   x . .      SeeInvis .   E - +3 falchion of the Coin {flame, Dex+2 Stlth+}
rCold   + . .      Faith    .   Y - orb {*Rage}
rNeg    . . .      Spirit   .   r - +4 plate armour
rPois   .          Reflect  .   (helmet restricted)
rElec   .          Harm     .   (no cloak)
rCorr   .          Rampage  .   (no gloves)
Will    .....      Rage     20% (no boots)
Stlth   ..........              (no amulet)
HPRegen 0.25/turn               v - +4 ring of protection
MPRegen 0.11/turn               C - ring of ice

@: on berserk cooldown, slowed, very slow
A: horns 2, retaliatory headbutt
a: Renounce Religion


You were on level 7 of the Dungeon.
You worshipped Vehumet.
Vehumet was greatly pleased with you.
You visited 1 branch of the dungeon, and saw 7 of its levels.
You also visited: Ossuary.

You collected 525 gold pieces.
You spent 88 gold pieces at shops.

Inventory:

Hand Weapons
 a - a +0 long sword
 e - a +3 hunting sling
 h - a +0 club
 p - a +0 spear
 w - a +2 mace of holy wrath
 z - a +1 dagger of holy wrath
 B - a +0 club
 E - the +3 falchion of the Coin (weapon) {flame, Dex+2 Stlth+}
   (You found it on level 4 of the Dungeon)

   It burns those it strikes, dealing additional fire damage.
   Big, fiery blades are also staple armaments of hydra-hunters.
   Dex:       It affects your dexterity (+2).
   Stlth:     It makes you more stealthy.
 I - a +1 dagger of venom
 K - a +0 shortbow
 L - a +0 flail
 M - a +0 flail of holy wrath
 P - a +2 vorpal mace
 Q - a +3 quarterstaff of chaos
 U - a +0 mace
 W - a +2 short sword of electrocution
 Z - the +9 halberd of Vivikl Veok {freeze, Str+4}
   (You found it on level 7 of the Dungeon)

   It freezes those it strikes, dealing additional cold damage.
   It can also slow down cold-blooded creatures.
   Str:       It affects your strength (+4).
Missiles
 o - 165 stones (quivered)
 G - 6 boomerangs of dispersal
 V - 2 throwing nets
Armour
 b - a +0 scale mail
 c - a +0 buckler
 k - a +0 helmet
 r - a +4 plate armour (worn)
 t - a +0 pair of gloves
 x - an orb of mayhem
 J - a +0 pair of gloves
 O - a +2 robe of resistance
 R - a +0 cloak of preservation
 Y - an orb of wrath (worn)
Jewellery
 v - a +4 ring of protection (left hand)
 C - a ring of ice (right hand)
Wands
 D - a wand of iceblast (9)
 F - a wand of paralysis (3)
 H - a wand of mindburst (7)
Scrolls
 i - 2 scrolls of magic mapping {unknown}
 j - 7 scrolls of identify
 m - a scroll of immolation
 q - 2 scrolls of noise {unknown}
 y - 4 scrolls of teleportation
 A - a scroll of brand weapon {unknown}
 N - a scroll of acquirement {unknown}
 X - a scroll of silence {unknown}
Potions
 d - a potion of might
 f - 4 potions of lignification
 g - a potion of invisibility {unknown}
 l - 3 potions of attraction {unknown}
 n - 3 potions of heal wounds
 s - 3 potions of flight
 u - 5 potions of curing
 S - a potion of experience {unknown}
 T - 2 potions of brilliance {unknown}


   Skills:
 + Level 9.4 Fighting
 + Level 9.0 Long Blades
 + Level 9.5 Armour
 + Level 9.5 Shields


You had 9 spell levels left.
You didn't know any spells.
Your spell library contained the following spells:

 Spells                   Type           Power      Damage    Failure   Level
 Stone Arrow              Conj/Erth      0%         3d7       98%         3
 Ensorcelled Hibernation  Hex/Ice        0%         N/A       100%        2
 Passwall                 Tmut/Erth      0%         N/A       100%        2
 Call Canine Familiar     Summ           0%         N/A       100%        3
 Gell's Gravitas          Tloc           0%         N/A       100%        3
 Lesser Beckoning         Tloc           0%         N/A       100%        3
 Portal Projectile        Hex/Tloc       0%         N/A       100%        3
 Swiftness                Air            0%         N/A       100%        3
 Teleport Other           Tloc           0%         N/A       100%        3
 Hailstorm                Conj/Ice       0%         3d3       100%        4
 Ice Form                 Ice/Tmut       0%         N/A       100%        4
 Leda's Liquefaction      Hex/Erth       0%         N/A       100%        4
 Simulacrum               Ice/Necr       0%         N/A       100%        6


Dungeon Overview and Level Annotations

Branches:
Dungeon (7/15)            Ossuary (visited)
 Temple: D:4-7

Altars:
Ashenzari
Cheibriados
Kikubaaqudgha
Nemelex Xobeh
Qazlal
Ru
Vehumet
Xom

Shops:
D:1 (   D:6 ?

Portals:
Bailey: D:7


Innate Abilities, Weirdness & Mutations

You have a pair of horns on your head.
You reflexively headbutt those who attack you in melee.


Message History

You slash the kobold brigand! You burn the kobold brigand.
You kill the kobold brigand!
Vehumet accepts your kill.
You feel sick.
You are no longer poisoned.
A wight comes into view. It is wielding a +0 halberd.
The kobold throws a stone.
The stone hits you.
Your life force feels restored.
Unknown command.
Unknown command.
A wight comes into view. It is wielding a +4 scimitar.
The kobold unwields a +0 hand crossbow.
The kobold wields a +0 short sword.
The kobold hits you but does no damage.
The kobold unwields a +0 hand crossbow.
The kobold wields a +0 club.
The kobold hits you with a +0 club.
A wight comes into view. It is wielding a +1 vorpal trident.
The kobold hits you but does no damage.
A wight comes into view.
It is wielding a +1 battleaxe of flaming.
The kobold barely misses you. You furiously retaliate!
You headbutt the kobold.
You kill the kobold!
Vehumet accepts your kill. The kobold barely misses you.
The wight moves out of view.
As you read the scroll of immolation, it crumbles to dust.
The creatures around you are filled with an inner flame!
The kobold hits you with a +0 whip. The kobold hits you but does no damage.
The kobold hits you with a +0 whip. The kobold hits you but does no damage.
You closely miss the kobold.
The kobold hits you but does no damage. x3
You hit the kobold but do no damage. Your headbutt misses the kobold.
The kobold closely misses you. You furiously retaliate!
You headbutt the kobold. Vehumet accepts your kill.
The kobold explodes!
The fiery explosion engulfs the wight!!
Vehumet accepts your kill. The fiery explosion engulfs you!!!
The fire burns you terribly!
* * * LOW HITPOINT WARNING * * *
The fiery explosion engulfs the kobold!!
Vehumet accepts your kill.
The kobold explodes!
The fiery explosion engulfs you!! The fire burns you terribly!
You die...

#....[......
##...........
............
#......)....
#.....)∩).# ##
#......)..## ##.K
##§K.........
.z...#§@.)........
..z.z§§)).....)...
#######§..########
#...##))##
#.....###
######.....# ..
#...##...### ....
#...##...# ######
.... #........#
####.#..#


You could see 2 wights and a kobold (inner flame).

Vanquished Creatures
  A cyclops (D:6)
  A manticore (D:6)
  Sigmund (D:5)
  Eustachio (D:5)
  2 water moccasins
  Edmund (D:5)
  A black bear (D:6)
  An orc warrior (D:5)
  3 ice beasts
  A sky beast (D:6)
  3 ogres
  A centaur (D:5)
  2 phantoms (D:6)
  A kobold brigand (D:7)
  A bullfrog (D:6)
  5 scorpions
  6 wights (D:7)
  2 howler monkeys
  Crazy Yiuf (D:5)
  6 hounds
  A jelly (D:6)
  5 iguanas
  2 orc wizards
  8 mummies (Ossuary)
  6 gnolls
  19 adders
  A shadow imp (D:5)
  2 white imps
  An ufetubus (D:4)
  4 worms
  3 dart slugs
  20 orcs
  12 ball pythons
  8 bats
  9 endoplasms
  4 giant cockroaches
  3 gnoll zombies (Ossuary)
  5 goblins
  5 hobgoblins
  3 jackals (D:3)
  9 kobolds
  2 quokkas
  4 frilled lizards
  2 hobgoblin zombies (Ossuary)
  2 kobold zombies (Ossuary)
  An orc zombie (Ossuary)
  4 rats
  A spectral goblin (D:2)
187 creatures vanquished.

Notes
Turn   | Place    | Note
-------+----------+-------------------------------------------
     0 | D:1      | TOYA the Minotaur Fighter began the quest for the Orb.
     0 | D:1      | Reached XP level 1. HP: 19/19 MP: 0/0
    55 | D:1      | Reached XP level 2. HP: 11/27 MP: 1/1
   459 | D:1      | Found Alymytzi's Antique Weapon Boutique.
   535 | D:1      | Reached XP level 3. HP: 33/33 MP: 2/2
  1286 | D:2      | Reached XP level 4. HP: 40/40 MP: 3/3
  1630 | D:2      | Found a faded altar of an unknown god.
  1640 | D:2      | Prayed at the altar of an unknown god.
  1640 | D:2      | Became a worshipper of Vehumet
  1640 | D:2      | Reached * piety under Vehumet
  1640 | D:2      | Offered knowledge of Foxfire by Vehumet.
  2329 | D:3      | Upgraded the game from 0.29-a0-304-gb34f9e133a to
                  | 0.29-a0-307-gecccbbdb84
  2472 | D:3      | Reached XP level 5. HP: 42/47 MP: 4/4
  3151 | D:3      | Noticed an ice beast
  3170 | D:3      | Killed an ice beast
  3170 | D:3      | Offered knowledge of Shock by Vehumet.
  3171 | D:3      | Reached skill level 5 in Fighting
  3171 | D:3      | Reached skill level 5 in Armour
  3171 | D:3      | Reached skill level 5 in Shields
  3472 | D:4      | Reached XP level 6. HP: 53/56 MP: 5/5
  3551 | D:4      | Reached ** piety under Vehumet
  3685 | D:4      | Identified the +3 falchion of the Coin {flame, Dex+2
                  | Stlth+}
  3913 | D:5      | Entered Level 5 of the Dungeon
  4005 | D:5      | Noticed an ice beast
  4015 | D:5      | Killed an ice beast
  4016 | D:5      | Reached skill level 5 in Long Blades
  4016 | D:5      | Reached XP level 7. HP: 62/62 MP: 6/6
  4337 | D:5      | Reached XP level 8. HP: 34/71 MP: 7/7
  4407 | D:5      | Offered knowledge of Mephitic Cloud by Vehumet.
  4585 | D:5      | Noticed Edmund
  4598 | D:5      | Killed Edmund
  4628 | D:5      | Noticed Eustachio
  4635 | D:5      | Killed Eustachio
  4782 | D:5      | Reached *** piety under Vehumet
  4788 | D:5      | Noticed Sigmund
  4807 | D:5      | Killed Sigmund
  5084 | D:5      | Found a runed translucent door.
  5085 | D:5      | Noticed Crazy Yiuf
  5091 | D:5      | Killed Crazy Yiuf
  5262 | D:6      | Found a broken altar of Ashenzari.
  5309 | D:6      | Found a sand-covered staircase.
  5317 | Ossuary  | Entered an ossuary
  5351 | Ossuary  | Offered knowledge of Frozen Ramparts by Vehumet.
  5362 | Ossuary  | Reached XP level 9. HP: 55/81 MP: 8/8
  5614 | D:6      | Reached **** piety under Vehumet
  5655 | D:6      | Noticed a manticore
  5668 | D:6      | Killed a manticore
  5702 | D:6      | Found a sparkling altar of Nemelex Xobeh.
  5702 | D:6      | Found a sacrificial altar of Ru.
  5702 | D:6      | Found a stormy altar of Qazlal.
  5965 | D:6      | Found an ancient bone altar of Kikubaaqudgha.
  5966 | D:6      | Found a snail-covered altar of Cheibriados.
  5967 | D:6      | Noticed a cyclops
  6055 | D:6      | Killed a cyclops
  6055 | D:6      | Offered knowledge of Stone Arrow by Vehumet.
  6250 | D:6      | Found a shimmering altar of Xom.
  6412 | D:6      | Found Apsav's Magic Scroll Shoppe.
  6420 | D:6      | Bought a scroll of identify for 22 gold pieces
  6420 | D:6      | Bought a scroll of identify for 22 gold pieces
  6420 | D:6      | Bought a scroll of identify for 22 gold pieces
  6420 | D:6      | Bought a scroll of identify for 22 gold pieces
  6804 | D:7      | Identified the +9 halberd of Vivikl Veok {freeze, Str+4}
  6875 | D:7      | Found a flagged portal.
  6898 | D:7      | Reached XP level 10. HP: 90/90 MP: 9/9
  6915 | D:7      | Killed by an exploding kobold... ignited by their inner
                  | flame

Illustrated notes

Levels and vault maps discovered:
D:1:      dpeg_arrival_central, layout_rooms, serial_shops,
          nicolae_shop_advertising_works [nicolae_subvault_shop_adworks]
D:2:      layout_loops_ring, dreamdust_ecumenical_altar_drowned_temple,
          minmay_hexomino_u4
D:3:      layout_loops_corners
D:4:      layout_rooms, nrook_mini_backslash
D:5:      kennysheep_windowed_halls, layout_basic, uniq_eustachio, uniq_edmund,
          uniq_sigmund, uniq_crazy_yiuf_cottage
D:6:      minmay_angry_zag, layout_basic, gammafunk_temple_overflow_claw,
          general_overflow_altar, mainiacjoe_overflow_24_doors,
          jmf_multi_god_temple, nicolae_ossuary_entry_monument, serial_shops,
          shop
D:7:      layout_gridville, zin_treasury, minmay_temple_entry_nine_rooms,
          enter_bailey_2, uniq_duvessa

Skill      XL: |  1  2  3  4  5  6  7  8  9 |
---------------+----------------------------+-----
Armour         | 4 5 6 7 9 |  9.5
Shields        | 4 5 6 8 9 |  9.5
Long Blades    | 3 4 5 6 7 9 |  9.0
Fighting       | 4 5 6 7 9 |  9.4

Action                   |  1- 3 |  4- 6 |  7- 9 | 10-12 || total
-------------------------+-------+-------+-------+-------++-------
Melee: Long sword        |    83 |   161 |       |       ||   244
       Headbutt          |    16 |    28 |    79 |       ||   123
       Falchion          |       |    22 |   319 |    10 ||   351
Evoke: Wand              |       |       |     1 |       ||     1
  Use: Scroll            |       |     4 |     1 |     1 ||     6
       Potion            |       |     1 |     6 |       ||     7
Armor: Scale mail        |    45 |    20 |       |       ||    65
       Plate armour      |       |   104 |   184 |    12 ||   300
Dodge: Dodged            |    52 |    56 |    73 |     6 ||   187
Block: Buckler           |    26 |    40 |    74 |       ||   140

Table legend: (Time is in decaauts)
 A = Elapsed time spent in this place.
 B = Non-inter-level travel time spent in this place.
 C = Inter-level travel time spent in this place.
 D = Time resting spent in this place.
 E = Time spent auto-exploring this place.
 F = Levels seen in this place.
 G = Mean time per level.
                   A        B        C        D        E       F      G
               +--------+--------+--------+--------+--------+-----+--------+
         Total |   6990 |   6926 |     64 |      0 |   2690 |   8 |  873.8 |
       Dungeon |   6862 |   6798 |     64 |      0 |   2690 |   7 |  980.3 |
       Ossuary |    128 |    128 |      0 |      0 |      0 |   1 |  128.0 |
               +--------+--------+--------+--------+--------+-----+--------+

Top non-repeatable levels by time:
     D:6: 1427 daAuts
     D:5: 1324 daAuts
     D:2: 1283 daAuts
     D:3: 1265 daAuts
     D:1: 938 daAuts
     D:4: 498 daAuts
 Ossuary: 128 daAuts
     D:7: 124 daAuts
